 Dungeon Crawl Stone Soup version 0.31-a0-931-g7b59d4eb97 (webtiles) character file.

Game seed: 5462363018165156343

126144 Dirtsage the Grappler (level 16, -14/138 HPs)
             Began as an Octopode Shapeshifter on Oct 19, 2023.
             Was the Champion of Wu Jian.
             Demolished by Arachne
             ... wielding the +9 staff of Olgreb {rPois∞}
              (15 damage)
             ... on level 2 of the Spider Nest.
             The game lasted 01:20:29 (27979 turns).

Dirtsage the Grappler (Octopode Shapeshifter)      Turns: 27979, Time: 01:20:30

Health: -14/138    AC: 11    Str: 22    XL:     16   Next: 97%
Magic:  25/25      EV: 33    Int: 16    God:    Wu Jian [******]
Gold:   2267       SH:  0    Dex: 24    Spells: 19/27 levels left

rFire   + .          .
                       - Unarmed
rCold   + . .        (shield currently unavailable)
rNeg    + . .        (helmet currently unavailable)
rPois   +            X - amulet "Beefuera" {Acrobat rPois rN+}
rElec   .            C - +6 ring of dexterity
rCorr   .            F - ring of protection from fire
SInv    .            K - +5 ring of evasion
Will    +....        Y - +6 ring of dexterity
Stlth   +++++        w - +4 ring of slaying
HPRegen 0.43/turn    Q - +5 ring of evasion
MPRegen 0.19/turn    I - ring of protection from cold
                     c - +5 ring of evasion

%: acrobat
@: snake-form
A: constrict, boosted hp, almost no armour, amphibious, 8 rings, large,
(camouflage 1), (gelatinous body 1), (nimble swimmer 1), (tentacles)
a: Begin Untransformation, Renounce Religion, Wall Jump, Serpent's Lash,
Heavenly Storm


You were on level 2 of the Spider Nest.
You worshipped Wu Jian.
Wu Jian was exalted by your worship.
You were an enormous anaconda.
You visited 7 branches of the dungeon, and saw 26 of its levels.
You also visited: Ossuary and Gauntlet.

You collected 2859 gold pieces.
You spent 592 gold pieces at shops.

Inventory:

Missiles
 L - a throwing net
 Z - 2 curare-tipped darts
Armour
 j - the +2 hat of Protective Custody {rElec Str+9 Dex-2}
   (You found it in a Gauntlet)

   Str+9:     It affects your strength (+9).
   Dex-2:     It affects your dexterity (-2).
   rElec:     It insulates you from electricity.
Jewellery
 a - the amulet "Giuczen" {Faith Int+7}
   (You found it on level 1 of the Orcish Mines)

   [amulet of faith]

   Faith:     It allows you to gain divine favour quickly.
   Int+7:     It affects your intelligence (+7).
 c - a +5 ring of evasion (on tentacle)
 f - a ring of fire
 w - a +4 ring of slaying (on tentacle)
 C - a +6 ring of dexterity (left tentacle)
 F - a ring of protection from fire (right tentacle)
 I - a ring of protection from cold (on tentacle)
 K - a +5 ring of evasion (on tentacle)
 Q - a +5 ring of evasion (on tentacle)
 X - the amulet "Beefuera" (around neck) {Acrobat rPois rN+}
   (You found it on level 4 of the Lair of Beasts)

   [amulet of the acrobat]

   Acrobat:   It increases your evasion while moving and waiting.
   rPois:     It protects you from poison rN+: It protects you from negative
   energy.
 Y - a +6 ring of dexterity (on tentacle)
Talismans
 U - a serpent talisman (active)
Wands
 o - a wand of roots (18)
 D - a wand of digging (13)
 H - a wand of mindburst (25)
 S - a wand of flame (24)
Scrolls
 g - 5 scrolls of fear
 i - a scroll of revelation
 p - 3 scrolls of noise
 s - 2 scrolls of fog
 t - 10 scrolls of teleportation
 y - 3 scrolls of poison
 z - 2 scrolls of amnesia
 A - 3 scrolls of vulnerability
 B - 8 scrolls of blinking
 G - a scroll of torment
 O - 2 scrolls of immolation
 R - 3 scrolls of silence
 T - a scroll of butterflies
Potions
 d - 7 potions of might
 e - 6 potions of attraction
 h - 5 potions of haste
 k - 3 potions of brilliance
 l - a potion of heal wounds
 m - 2 potions of cancellation
 n - 2 potions of resistance
 q - 15 potions of curing
 r - 4 potions of enlightenment
 v - a potion of ambrosia
 E - 6 potions of mutation
 J - 2 potions of berserk rage
 M - 2 potions of magic
 P - 2 potions of invisibility
Miscellaneous
 b - a phial of floods
 u - a tin of tremorstones (2/2)


   Skills:
 - Level 12.3 Fighting
 - Level 10.2 Dodging
 - Level 10.0 Stealth
 - Level 14.4 Unarmed Combat
 + Level 6.4 Spellcasting
 - Level 5.4 Hexes
 - Level 7.6 Translocations
 - Level 5.4 Transmutations
 - Level 7.5 Air Magic
 * Level 14.0 Shapeshifting


You had 19 spell levels left.
You knew the following spells:

 Your Spells              Type           Power      Damage    Failure   Level
a - Jinxbite              Hex            44%        N/A       2%          2
b - Wereblood             Tmut           22%        N/A       2%          2
c - Vhi's Electric Charg  Tloc/Air       58%        N/A       6%          4

Your spell library contained the following spells:

 Spells                   Type           Power      Damage    Failure   Level
 Apportation              Tloc           58%        N/A       1%          1
 Blink                    Tloc           58%        N/A       1%          2
 Swiftness                Air            29%        N/A       1%          3
 Momentum Strike          Conj/Tloc      34%        3d8       4%          2
 Manifold Assault         Tloc           29%        N/A       5%          4
 Ensorcelled Hibernation  Hex/Ice        26%        N/A       6%          2
 Passwall                 Tmut/Erth      10%        N/A       6%          2
 Volatile Blastmotes      Fire/Tloc      34%        2d12      9%          3
 Dazzling Flash           Conj/Hex       26%        N/A       13%         3
 Summon Guardian Golem    Hex/Summ       13%        N/A       13%         3
 Sublimation of Blood     Necr           5%         N/A       21%         2
 Iskenderun's Mystic Bla  Conj/Tloc      17%        2d5       26%         4
 Summon Lightning Spire   Summ/Air       17%        N/A       28%         4
 Frozen Ramparts          Ice            10%        1d2       36%         3
 Fulminant Prism          Conj/Hex       6%         3d7       38%         4
 Petrify                  Tmut/Erth      13%        N/A       38%         4
 Summon Forest            Summ/Tloc      8%         N/A       58%         5
 Alistair's Intoxication  Tmut/Pois      8%         N/A       75%         5
 Metabolic Englaciation   Hex/Ice        6%         N/A       75%         5
 Animate Dead             Necr           5%         N/A       78%         4
 Borgnjor's Vile Clutch   Necr/Erth      2%         N/A       98%         5
 Lee's Rapid Deconstruct  Erth           2%         3d5*      98%         5
 Death Channel            Necr           2%         N/A       100%        6
 Starburst                Conj/Fire      2%         6d3       100%        6
 Haunt                    Necr/Summ      2%         N/A       100%        7
 Orb of Destruction       Conj           2%         9d5       100%        7
 Spellforged Servitor     Conj/Summ      2%         N/A       100%        7
 Summon Hydra             Summ           2%         N/A       100%        7
 Infestation              Necr           2%         N/A       100%        8
 Maxwell's Capacitive Co  Air            14%        ∞         100%        8
 Animate Armour           Summ/Erth      Unusable   N/A       N/A         4

Dungeon Overview and Level Annotations

Branches:
Dungeon (14/15)            Temple (1/1) D:6            Lair (5/5) D:11
  Swamp (1/4) Lair:2       Spider (2/4) Lair:3        Slime (1/5) Lair:4
    Orc (2/2) D:12            Elf (0/3) Orc:2        Vaults (0/5) D:13
Ossuary (visited)         Gauntlet (visited)

Altars:
Ashenzari
Cheibriados
Dithmenos
Elyvilon
Fedhas
Gozag
Hepliaklqana
Kikubaaqudgha
Makhleb
Nemelex Xobeh
Okawaru
Qazlal
Ru
Sif Muna
Trog
Uskayaw
Vehumet
Wu Jian
Xom
Yredelemnul
Zin
The Shining One

Shops:
Orc:1 *   Orc:2 [(:*

Portals:
Abyss: Orc:1

Annotations:
D:7 1 runed translucent door, flestrin's ghost, novice TrBe
D:8 exclusions: cyclops and hydra
D:10 3 exclusions
D:14 1 runed translucent door
Spider:2 Arachne


Innate Abilities, Weirdness & Mutations

You are an enormous anaconda.
You have a powerful constriction melee attack.
Your maximum health is increased.
Your armour is entirely melded.
You are incapable of wielding weapons or throwing items.
You cannot wear most types of armour.
You are amphibious.
You can wear up to eight rings at the same time.
((Your skin changes colour to match your surroundings (Stealth+).))
((Your rubbery body absorbs attacks. (AC +1, EV +1)))
((You are camouflaged when in or above water. (Stealth+)))
((You have tentacles for arms and can constrict up to eight enemies at once.))


Message History

You take 40 damage, and have 84/138 hp.
MASSIVE DAMAGE!!
You crush Arachne!!! You grab Arachne.
Arachne is moderately wounded.
You constrict Arachne.
You feel sick.
You hear an angry buzzing noise.
Arachne hits you with the +9 staff of Olgreb {rPois∞}!!
Arachne envenoms you!
You are more poisoned.
You hear an angry buzzing noise.
You take 33 damage, and have 51/138 hp.
MASSIVE DAMAGE!!
You crush Arachne!!!
Arachne is severely wounded.
You constrict Arachne.
You feel sick.
Arachne hits you with the +9 staff of Olgreb {rPois∞}!
* * * LOW HITPOINT WARNING * * *
Arachne envenoms you!
* * * LOW HITPOINT WARNING * * *
You are more poisoned.
You take 31 damage, and have 20/138 hp.
MASSIVE DAMAGE!!
You feel better.
You constrict Arachne!
Arachne points her staff at you, shooting a stream of webbing.
The stream of webbing misses you.
You regained 8 hp, and now have 28/138 hp.
Okay, then.
Okay, then.
Okay, then.
Okay, then.
Okay, then.
Aiming: Mindburst
Press: ? - help, Shift-Dir - straight line, f - Arachne
Aim: Arachne, wielding the +9 staff of Olgreb {rPois∞} (severely wounded, constricted by you, chance to affect: 29%)
Okay, then.
You body-slam Arachne!!
Arachne is almost dead.
You constrict Arachne.
Arachne hits you with the +9 staff of Olgreb {rPois∞}!!
* * * LOW HITPOINT WARNING * * *
Arachne envenoms you!
You die...
Arachne says, "All wrapped up."

### # #.## ^..
#######..## #####.....
##..##^....####.SH......
##.###.).##....####.....
.#.##.######.#..# ^..
.....## #.##..# . .....#
#.# ..# ......# ### ..#
.......# ..~ ...#.#...
..~~ .###...... ..~~~


You could see Arachne.

Vanquished Creatures
  Jorgrun (D:12)
  2 orc warlords
  A broodmother (Spider:2)
  A very ugly thing (Orc:1)
  An ironbound thunderhulk (D:13)
  Nessos (Lair:3)
  A minotaur (Gauntlet)
  3 dire elephants (Lair:5)
  The ghost of Arhieg the Fighter, a journeyman DsBe of Trog (Orc:1)
  A fire dragon (D:14)
  4 entropy weavers
  A great orb of eyes (Orc:1)
  Josephine (D:12)
  A vault guard (D:13)
  A rakshasa (Orc:1)
  4 hydras
  2 radroaches
  5 boulder beetles
  4 centaur warriors
  2 death yaks (Lair:5)
  4 demonic crawlers
  2 two-headed ogres (D:11)
  Nergalle (Lair:3)
  Urug (Lair:4)
  An orc high priest (Orc:2)
  4 skeletal warriors (D:14)
  3 sixfirhies (Gauntlet)
  A goliath frog (Lair:2)
  Sonja (D:13)
  A spectral death yak (Lair:5)
  A pharaoh ant (Spider:2)
  A skyshark (Lair:3)
  A spectral anaconda (Lair:5)
  2 orb spiders
  An orange crystal statue (Gauntlet)
  4 orc knights
  Pikel (D:4)
  An obsidian statue (Lair:5)
  7 necromancers
  4 steelbarb worms
  7 wolf spiders
  An oklob plant (D:11)
  7 cyclopes
  3 moths of wrath
  5 orc sorcerers
  19 ugly things
  20 elephants
  3 manticores
  3 black mambas
  A smoke demon (Orc:1)
  19 cane toads
  2 dire elephant zombies (Lair:5)
  2 gargoyles
  A rust devil (D:10)
  2 torpor snails
  An efreet (D:14)
  An unseen horror (D:11)
  A kobold demonologist (D:11)
  2 rime drakes
  19 komodo dragons
  3 trolls
  A red devil (D:10)
  2 polar bears
  A tarantella (shapeshifter) (D:14)
  18 blink frogs
  A raiju (Orc:1)
  2 hornets
  4 tarantellas
  3 tyrant leeches (Lair:2)
  3 spectral elephants (Lair:5)
  An ettin zombie (Orc:1)
  9 slime creatures
  5 jumping spiders
  A shadow (D:9)
  6 culicivoras
  A vampire (D:12)
  63 yaks
  4 humans (D:13)
  4 basilisks
  4 wyverns
  9 wraiths
  A chaos spawn (Orc:1)
  2 steam dragons
  27 redbacks
  12 vampire mosquitoes
  A warg (Orc:2)
  2 acid dragons
  2 swamp worms (Lair:2)
  14 water moccasins
  A black bear (D:7)
  26 orc warriors
  21 wolves
  An ogre (D:8)
  13 centaurs
  A phantom (D:5)
  A kobold brigand (D:8)
  12 bullfrogs
  A cane toad simulacrum (Lair:5)
  A cyclops zombie (Orc:1)
  17 scorpions
  7 wights
  15 killer bees
  A troll skeleton (Orc:1)
  3 electric eels (Lair:3)
  2 howler monkeys
  4 hounds
  19 jellies
  4 human zombies (Ossuary)
  23 orc priests
  2 gnoll boudas
  Terence (D:2)
  9 iguanas
  28 orc wizards
  4 scorpion zombies (Ossuary)
  An ogre zombie (Orc:1)
  An ogre skeleton (Orc:1)
  3 mummies (Ossuary)
  18 adders
  11 gnolls
  An ogre simulacrum (Orc:1)
  2 orc skeletons (Orc:1)
  2 shadow imps
  2 white imps
  2 orc simulacra (Orc:1)
  3 worms
  72 orcs
  4 ball pythons
  4 bats
  11 endoplasms
  8 giant cockroaches
  4 goblins
  9 hobgoblins
  10 kobolds
  4 quokkas
  3 frilled lizards
  3 goblin zombies (Ossuary)
  3 kobold zombies (Ossuary)
  2 orc zombies (Ossuary)
  3 rats
808 creatures vanquished.

Notes
Turn   | Place    | Note
-------+----------+-------------------------------------------
     0 | D:1      | Dirtsage the Octopode Shapeshifter began the quest for the
                  | Orb.
     0 | D:1      | Reached XP level 1. HP: 13/13 MP: 1/1
   164 | D:1      | Reached XP level 2. HP: 18/18 MP: 2/2
   742 | D:1      | Reached XP level 3. HP: 23/23 MP: 3/3
   966 | D:2      | Noticed Terence
   974 | D:2      | Killed Terence
   981 | D:2      | Reached XP level 4. HP: 26/29 MP: 4/4
  1421 | D:2      | Found a faded altar of an unknown god.
  1519 | D:3      | Found a shimmering altar of Xom.
  1607 | D:3      | Reached XP level 5. HP: 33/34 MP: 5/5
  2295 | D:3      | Reached XP level 6. HP: 36/41 MP: 6/6
  2856 | D:4      | Noticed Pikel
  2873 | D:4      | Killed Pikel
  2874 | D:4      | Reached skill level 5 in Shapeshifting
  2874 | D:4      | Reached XP level 7. HP: 40/47 MP: 7/7
  2942 | D:4      | Found a sand-covered staircase.
  2952 | Ossuary  | Entered an ossuary
  3026 | Ossuary  | Reached XP level 8. HP: 50/54 MP: 8/8
  4097 | Ossuary  | Reached XP level 9. HP: 54/60 MP: 9/9
  4319 | D:4      | Found a hide-covered altar of Uskayaw.
  4325 | D:4      | Reached skill level 5 in Fighting
  4410 | D:4      | Found a bloodstained altar of Trog.
  4531 | D:4      | Identified the +9 mace "Hetwam" {drain, *Noise rPois rC+++
                  | Str-3}
  4837 | D:5      | Entered Level 5 of the Dungeon
  6187 | D:6      | Found a staircase to the Ecumenical Temple.
  6196 | Temple   | Entered the Ecumenical Temple
  6226 | Temple   | Became a worshipper of the Wu Jian Council
  6317 | D:6      | Found a snail-covered altar of Cheibriados.
  6530 | D:7      | Noticed a troll
  6630 | D:8      | Noticed a brown ugly thing
  6643 | D:8      | Killed a brown ugly thing
  6656 | D:8      | Reached XP level 10. HP: 31/68 MP: 10/10
  6829 | D:8      | Noticed a cyclops
  6854 | D:8      | Noticed a six-headed hydra
  7001 | D:8      | Reached * piety under Wu Jian
  7465 | D:8      | Reached skill level 10 in Unarmed Combat
  7779 | D:7      | Found a runed translucent door.
  7780 | D:7      | Noticed flestrin's ghost (novice TrBe)
  7930 | D:7      | Identified the +3 hand axe of Ruination {flame, rElec rPois
                  | rC+ Dex-4}
  7965 | D:7      | Noticed a gargoyle
  7969 | D:7      | Noticed a cyan ugly thing
  7981 | D:7      | Killed a cyan ugly thing
  7992 | D:7      | Killed a gargoyle
  8057 | D:7      | Identified the +0 war axe "Wyshoffo" {speed, rPois rF+}
  8456 | D:8      | Learned a level 2 spell: Jinxbite
  8459 | D:8      | Learned a level 2 spell: Wereblood
  8538 | D:8      | Reached ** piety under Wu Jian
  8690 | D:8      | Reached skill level 10 in Shapeshifting
  8909 | D:8      | Reached skill level 1 in Hexes
  8909 | D:8      | Reached skill level 1 in Transmutations
  8909 | D:8      | Reached XP level 11. HP: 72/75 MP: 11/11
  9561 | D:9      | Found a white marble altar of Elyvilon.
 10388 | D:10     | Entered Level 10 of the Dungeon
 10616 | D:10     | Identified 2 scrolls of acquirement
 10616 | D:10     | Acquired 785 gold pieces
 10617 | D:10     | Identified the "Vahuth" (You acquired it on level 10 of
                  | the Dungeon)
 11251 | D:10     | Found a glowing golden altar of the Shining One.
 11338 | D:10     | Paralysed by a hornet for 2 turns
 11587 | D:10     | Found a glowing silver altar of Zin.
 11587 | D:10     | Noticed an angel
 11876 | D:11     | Noticed an oklob plant
 12075 | D:11     | Found an opulent altar of Gozag.
 12076 | D:11     | Noticed a two-headed ogre
 12095 | D:11     | Killed a two-headed ogre
 12160 | D:11     | Reached skill level 1 in Stealth
 12240 | D:11     | Reached *** piety under Wu Jian
 12286 | D:11     | Found a staircase to the Lair.
 12308 | D:11     | Noticed a two-headed ogre
 12391 | D:11     | Killed a two-headed ogre
 12392 | D:11     | Reached skill level 1 in Spellcasting
 12701 | D:11     | Reached XP level 12. HP: 81/81 MP: 13/13
 12919 | Lair:1   | Entered Level 1 of the Lair of Beasts
 13118 | Lair:1   | Reached skill level 5 in Stealth
 13139 | Lair:1   | Reached skill level 5 in Transmutations
 13151 | Lair:1   | Reached skill level 5 in Hexes
 13748 | Lair:1   | Reached **** piety under Wu Jian
 14247 | Lair:2   | Reached XP level 13. HP: 81/89 MP: 15/18
 14618 | Lair:2   | Reached skill level 5 in Dodging
 14631 | Lair:2   | Found a staircase to the Swamp.
 15287 | Lair:3   | Reached ***** piety under Wu Jian
 15295 | Lair:3   | Noticed Nessos
 15301 | Lair:3   | Killed Nessos
 15718 | Lair:3   | Noticed Nergalle
 15729 | Lair:3   | Reached skill level 5 in Spellcasting
 15748 | Lair:3   | Killed Nergalle
 15943 | Lair:3   | Found a hole to the Spider Nest.
 15979 | Lair:3   | Reached skill level 10 in Stealth
 16505 | Lair:4   | Noticed Urug
 16517 | Lair:4   | Reached skill level 10 in Fighting
 16519 | Lair:4   | Killed Urug
 16520 | Lair:4   | Reached XP level 14. HP: 69/99 MP: 19/21
 16687 | Lair:4   | Found a staircase to the Slime Pits.
 16847 | Lair:4   | You fall into a shaft and drop 1 floor!
 16847 | Lair:5   | Entered Level 5 of the Lair of Beasts
 16950 | Lair:5   | Reached ****** piety under Wu Jian
 17325 | Lair:4   | Identified the amulet "Beefuera" {Acrobat rPois rN+}
 17431 | Vaults:5 | Identified the of Udatep
 17431 | Vaults:5 | Identified the "Anyw"
 17431 | Vaults:5 | Identified the "Jiwu"
 17431 | Depths:3 | Identified the of Eweijoj
 17431 | Elf:3    | Identified the "Vytamap"
 17431 | Elf:3    | Identified the "Lahonomp"
 17431 | Slime:1  | Entered Level 1 of the Pits of Slime
 17431 | Slime:1  | Noticed a rockslime
 17714 | Lair:5   | Acquired Teixo's Treatise on the Traveller
 17721 | Lair:5   | Learned a level 4 spell: Vhi's Electric Charge
 17821 | Lair:5   | Noticed a dire elephant
 17823 | Lair:5   | Noticed a dire elephant
 17850 | Lair:5   | Reached skill level 1 in Translocations
 17850 | Lair:5   | Reached skill level 1 in Air Magic
 18623 | Lair:5   | Noticed a dire elephant
 18637 | Lair:5   | Killed a dire elephant
 18774 | Lair:5   | Killed a dire elephant
 18786 | Lair:5   | Killed a dire elephant
 18985 | Lair:5   | Reached XP level 15. HP: 53/107 MP: 18/22
 19660 | D:12     | Noticed Jorgrun
 19671 | D:12     | Killed Jorgrun
 19822 | D:12     | Noticed Josephine
 19840 | D:12     | Killed Josephine
 19993 | D:12     | Found a staircase to the Orcish Mines.
 19998 | D:12     | Reached skill level 5 in Air Magic
 20002 | D:12     | Reached skill level 5 in Translocations
 21011 | Orc:1    | Entered Level 1 of the Orcish Mines
 21174 | Orc:1    | Noticed an orc warlord
 21208 | Orc:1    | Found a transporter.
 21210 | Orc:1    | Found a transporter.
 21224 | Orc:1    | Noticed Arhieg's ghost (journeyman DsBe)
 21526 | Orc:1    | Found Nedecs's Assorted Antiques.
 21533 | Orc:1    | Bought a scroll of teleportation for 57 gold pieces
 21533 | Orc:1    | Bought a scroll of identify for 38 gold pieces
 21533 | Orc:1    | Bought a scroll of identify for 38 gold pieces
 21737 | Orc:1    | Found a one-way gate to the infinite horrors of the Abyss.
 21744 | Orc:1    | Killed an orc warlord
 21815 | Orc:1    | Killed Arhieg's ghost
 22106 | Orc:1    | Identified the amulet "Giuczen" {Faith Int+7}
 22189 | Orc:2    | Entered Level 2 of the Orcish Mines
 22303 | Orc:2    | Paralysed by an orc sorcerer for 4 turns
 22311 | Orc:2    | Noticed an orc warlord
 22326 | Orc:2    | Killed an orc warlord
 22608 | Orc:2    | Found Suhemo's Book Shoppe.
 22631 | Orc:2    | Found a gate leading to a gauntlet.
 22637 | Gauntlet | Entered a Gauntlet
 22637 | Gauntlet | Found a large runed translucent door.
 22637 | Gauntlet | Found a large runed translucent door.
 22637 | Gauntlet | Found a large runed translucent door.
 22637 | Gauntlet | Found a large runed translucent door.
 22637 | Gauntlet | Found a large runed translucent door.
 22637 | Gauntlet | Found a large runed translucent door.
 22637 | Gauntlet | Found a large runed translucent door.
 22637 | Gauntlet | Found a large runed translucent door.
 22637 | Gauntlet | Found a runed translucent door.
 22637 | Gauntlet | Found a runed translucent gate.
 22637 | Gauntlet | Found a transporter.
 22637 | Gauntlet | Found a transporter.
 22637 | Gauntlet | Found a runed translucent gate.
 22637 | Gauntlet | Found a transporter.
 22638 | Gauntlet | Found a runed translucent door.
 22638 | Gauntlet | Found a runed translucent gate.
 22641 | Gauntlet | Found a transporter.
 22646 | Gauntlet | Found a large runed translucent door.
 22646 | Gauntlet | Found a large runed translucent door.
 22647 | Gauntlet | Found a large runed translucent door.
 22652 | Gauntlet | Found a transporter.
 22659 | Gauntlet | Found a transporter.
 22671 | Gauntlet | Found a transporter.
 22685 | Gauntlet | Found a transporter.
 22704 | Gauntlet | Found a transporter.
 22722 | Gauntlet | Found a transporter.
 22727 | Gauntlet | Found a transporter.
 22773 | Gauntlet | Found a large runed translucent door.
 22773 | Gauntlet | Found a large runed translucent door.
 22774 | Gauntlet | Found a large runed translucent door.
 22775 | Gauntlet | Found a large runed translucent door.
 22775 | Gauntlet | Found a large runed translucent door.
 22800 | Gauntlet | Found a transporter.
 22898 | Gauntlet | Identified the +2 pair of boots "Qojyol" {Str+3}
 22929 | Gauntlet | Identified the +2 hat of Protective Custody {rElec Str+9
                  | Dex-2}
 23091 | Gauntlet | Identified the +0 ring mail "Ileiva" {rN+ Slay+3}
 23221 | Orc:2    | Found Feadyeq's Antique Weapon Shoppe.
 23287 | Orc:2    | Found a staircase to the Elven Halls.
 23327 | Orc:2    | Found Hiat's Antique Armour Shoppe.
 23341 | Orc:2    | Found Maudamne's General Store.
 23349 | Orc:2    | Bought a scroll of identify for 34 gold pieces
 23349 | Orc:2    | Bought a ring of protection from cold for 425 gold pieces
 23833 | D:13     | Noticed Sonja
 23845 | D:13     | Killed Sonja
 23856 | D:13     | Reached XP level 16. HP: 114/114 MP: 24/24
 24433 | D:13     | Found a gate to the Vaults.
 24857 | D:14     | Found the +2 pair of slick slippers {slick, slippery, EV+4}
 25104 | D:14     | Reached skill level 10 in Dodging
 25602 | D:14     | Found a runed translucent door.
 25833 | Swamp:1  | Entered Level 1 of the Swamp
 25905 | Spider:1 | Entered Level 1 of the Spider Nest
 27971 | Spider:2 | Noticed Arachne
 27979 | Spider:2 | HP: 1/138 [Arachne/the +9 staff of Olgreb {rPois∞} (27)]
 27979 | Spider:2 | Demolished by Arachne

Illustrated notes

Levels and vault maps discovered:
D:1:      minmay_arrival_cross, layout_basic, chequers_big_river
D:2:      layout_rooms, hellmonk_ecumenical_altar_leap_of_faith, minmay_tall_x,
          uniq_terence
D:3:      layout_basic, mainiacjoe_overflow_tiny_flanked, chequers_garden
D:4:      layout_basic, mainiacjoe_overflow_large_starburst,
          mainiacjoe_ossuary_entry_dusty_tomb, uniq_pikel
D:5:      layout_basic, kennysheep_generic_room_6
D:6:      layout_loops_ring, mainiacjoe_overflow_boulevard,
          minmay_temple_entry_glass
D:7:      layout_rooms, enter_bailey_2, ebering_ghost_reflecting_pool,
          grunt_potential
D:8:      layout_basic, kb_rosetta
D:9:      layout_stronghold, elyvilon_altar_5, grunt_decor_arrowhead,
          nicolae_figureground_pulse
D:10:     layout_loops_cross, overflow_temple_1_default, zin_angel,
          nicolae_neqoxec_dot_bat
D:11:     layout_basic, dpeg_oklobed_lair, serial_bayou_pond_b,
          grunt_gozag_statues
D:12:     layout_long_grid, erik_orc_4, uniq_jorgrun, uniq_josephine
D:13:     layout_long_grid, hellmonk_vaults_keyhole,
          nicolae_twisty_statue_hallways, uniq_sonja
D:14:     layout_rooms, nicolae_guarded_unrand_slippers
Temple:   regret_index_temple_waves
Lair:1:   beast_lair_carwin_large_3, layout_misc_corridors
Lair:2:   layout_cave_pods, minmay_swamp_entry_worms, infiniplex_staircase_pool
Lair:3:   minmay_lair_venomous_thicket, layout_regular_city, dummy_spider_entry,
          serial_bayou, serial_bayou_shore_a, serial_bayou_shore_b,
          serial_bayou_ford_a, serial_bayou_pond_e, uniq_nessos, uniq_nergalle
Lair:4:   layout_cave_shapes, minmay_slime_entry_jelly_boxes, uniq_urug
Lair:5:   due_jungle_book, layout_regular_city
Swamp:1:  layout_basic_swamp, evilmike_swamp_ruin_rubble_2, swamp_pool1,
          nicolae_swamp_trees_clearing, uniq_nikola, uniq_kirke
Spider:1: layout_spider_delve
Spider:2: layout_chambers, nicolae_spider_bzzzt, uniq_arachne
Slime:1:  layout_caves
Orc:1:    dreamdust_under_siege, layout_diamond_mine,
          gammafunk_ghost_abyssal_escape, serial_shops, nicolae_shop_crystal,
          nicolae_orc_lost_temple
Orc:2:    grunt_orc_cross, layout_diamond_mine, gauntlet_entry_generic,
          nicolae_orc_tapped_out

Skill      XL: |  1  2  3  4  5  6  7  8  9 10 11 12 13 14 15 16 |
---------------+-------------------------------------------------+-----
Fighting       | 2 3 4 6 7 8 10 11 12 | 12.3
Unarmed Combat | 4 6 7 9 10 11 12 13 14 | 14.4
Shapeshifting  | 4 5 7 8 10 11 12 14 | 14.0
Hexes          | 1 4 5 |  5.4
Transmutations | 1 4 5 |  5.4
Stealth        | 3 7 10 | 10.0
Spellcasting   | 1 3 5 6 |  6.4
Dodging        | 4 7 9 10 | 10.2
Translocations | 3 6 7 |  7.6
Air Magic      | 3 6 7 |  7.5

Action                     |  1- 3 |  4- 6 |  7- 9 | 10-12 | 13-15 | 16-18 || total
---------------------------+-------+-------+-------+-------+-------+-------++-------
  Melee: Unarmed           |    55 |    76 |   224 |   498 |  1223 |   433 ||  2509
         Tentacles         |     7 |    17 |    24 |       |       |       ||    48
         Punch             |     3 |     2 |     8 |     2 |     3 |       ||    18
         Constrict         |     9 |    21 |    57 |   120 |   219 |   108 ||   534
   Cast: Jinxbite          |       |       |       |     4 |    12 |       ||    16
         Wereblood         |       |       |       |     3 |    25 |     6 ||    34
         Vhi's Electric Ch |       |       |       |       |       |    24 ||    24
 Invoke: Serpent's Lash    |       |       |       |       |     2 |       ||     2
         Heavenly Storm    |       |       |       |       |     1 |       ||     1
Ability: Lunge             |       |       |     4 |    43 |    92 |    22 ||   161
         Whirlwind         |       |       |       |    87 |   356 |   103 ||   546
         Wall Jump         |       |       |       |       |     2 |       ||     2
  Evoke: Wand              |       |     3 |       |     7 |     1 |       ||    11
    Use: Scroll            |       |       |     7 |    20 |     7 |     3 ||    37
         Potion            |       |       |       |     3 |     8 |     1 ||    12
   Stab: Sleeping          |     5 |     5 |     5 |     8 |    22 |     5 ||    50
         Distracted        |       |       |       |     2 |     3 |       ||     5
         Invisible         |       |       |       |       |     7 |       ||     7
 Armour: Skin              |    21 |    34 |   106 |   196 |   346 |   126 ||   829
  Dodge: Dodged            |    23 |    31 |    94 |   248 |   899 |   457 ||  1752
   Form: Anaconda          |       |       |     1 |       |       |       ||     1

Table legend: (Time is in decaauts)
 A = Elapsed time spent in this place.
 B = Non-inter-level travel time spent in this place.
 C = Inter-level travel time spent in this place.
 D = Time resting spent in this place.
 E = Time spent auto-exploring this place.
 F = Levels seen in this place.
 G = Mean time per level.
                   A        B        C        D        E       F      G
               +--------+--------+--------+--------+--------+-----+--------+
         Total |  27667 |  26360 |   1307 |   2230 |  19432 |  28 |  988.1 |
       Dungeon |  14978 |  14255 |    723 |   1377 |  10836 |  14 | 1069.9 |
        Temple |     60 |      2 |     58 |      0 |      0 |   1 |   60.0 |
          Lair |   6638 |   6279 |    359 |    180 |   4853 |   5 | 1327.6 |
         Swamp |      8 |      8 |      0 |      0 |      0 |   1 |    8.0 |
   Spider Nest |   2034 |   2025 |      9 |    234 |   1428 |   2 | 1017.0 |
    Slime Pits |      6 |      6 |      0 |      0 |      0 |   1 |    6.0 |
  Orcish Mines |   2178 |   2022 |    156 |    325 |   1301 |   2 | 1089.0 |
       Ossuary |   1231 |   1231 |      0 |    114 |    824 |   1 | 1231.0 |
      Gauntlet |    530 |    530 |      0 |      0 |    189 |   1 |  530.0 |
               +--------+--------+--------+--------+--------+-----+--------+

Top non-repeatable levels by time:
  Lair:5: 2278 daAuts
     D:8: 1974 daAuts
    D:10: 1474 daAuts
  Lair:3: 1441 daAuts
  Lair:2: 1307 daAuts
    D:13: 1259 daAuts
     D:3: 1256 daAuts
 Ossuary: 1231 daAuts
   Orc:1: 1193 daAuts
    D:14: 1130 daAuts
    D:11: 1095 daAuts
  Lair:1: 1081 daAuts
Spider:2: 1028 daAuts
Spider:1: 1006 daAuts
    D:12: 991 daAuts
